 Dungeon Crawl Stone Soup version 0.30-a0-162-g2ba88f6271 (webtiles) character file.

Game seed: 13203405912415943228

4021 qw the Cleaver (level 10, -6/63 HPs)
             Began as a Gargoyle Fighter on Sept 27, 2022.
             Was an Elder of Okawaru.
             Killed by the air
             ... invoked by Gastronok
              (30 damage)
             ... on level 8 of the Dungeon.
             The game lasted 00:03:03 (9030 turns).

qw the Cleaver (Gargoyle Fighter)                   Turns: 9030, Time: 00:03:04

Health: -6/63      AC: 20    Str: 25    XL:     10   Next: 23%
Magic:  12/13      EV: 10    Int:  8    God:    Okawaru [****..]
Gold:   205        SH:  5    Dex:  9    Spells: 9/9 levels left

rFire   . . .      SeeInvis .    b - +5 war axe
rCold   . . .      Faith    .    c - +0 buckler
rNeg    + + .      Spirit   .    a - +0 chain mail
rPois   inf        Reflect  .    (no helmet)
rElec   +          Harm     .    (no cloak)
rCorr   .          Rampage  .    k - +0 pair of gloves
Will    .....                    (no boots)
Stlth   ..........               (no amulet)
HPRegen 0.20/turn                g - ring of positive energy
MPRegen 0.13/turn                (no ring)

@: heroic
A: sickness immunity, AC +7, negative energy resistance 1, electricity
resistance, torment resistance 1, petrification resistance
a: Renounce Religion, Heroism, Finesse


You were on level 8 of the Dungeon.
You worshipped Okawaru.
Okawaru was greatly pleased with you.
You visited 2 branches of the dungeon, and saw 9 of its levels.

You collected 361 gold pieces.
You spent 156 gold pieces at shops.


Innate Abilities, Weirdness & Mutations

You are immune to sickness and miasma.
Your stone body is resilient. (AC +7)
You are immune to poison.
You resist negative energy. (rN+)
You are resistant to electric shocks. (rElec)
You are resistant to unholy torment.
You are immune to petrification.


   Skills:
 + Level 7.3(12.3) Fighting
 - Level 10.0(15.0) Axes
 - Level 2.4(7.4) Throwing
 - Level 6.3(11.3) Armour
 - Level 1.1(6.1) Dodging
 - Level 4.0(9.0) Shields
 + Level 4.5 Invocations


You had 9 spell levels left.
You didn't know any spells.
Your spell library was empty.

Inventory:

Hand Weapons
 b - a +5 war axe (weapon)
 Y - a +2 war axe of flaming
Armour
 a - a +0 chain mail (worn)
 c - a +0 buckler (worn)
 k - a +0 pair of gloves (worn)
Jewellery
 g - a ring of positive energy (left hand)
Scrolls
 f - a scroll of teleportation
 m - 2 scrolls of identify
Potions
 d - 3 potions of might
 e - 3 potions of attraction
 h - a potion of haste
 i - 4 potions of curing
 l - 2 potions of resistance
 n - a potion of heal wounds
 o - a potion of lignification

Dungeon Overview and Level Annotations

Branches:
Dungeon (8/15)             Temple (1/1) D:4
   Lair: D:8-11

Altars:
Ashenzari
Cheibriados
Dithmenos
Fedhas
Gozag
Hepliaklqana
Makhleb
Nemelex Xobeh
Okawaru
Qazlal
Sif Muna
Trog
Uskayaw
Vehumet
Wu Jian
Xom
Yredelemnul
Zin
The Shining One

Shops:
D:4 !   D:5 *

Annotations:
D:2 1 runed translucent door, Crazy Yiuf
D:8 Gastronok


Message History

HP restored.
b - a +5 war axe You see here a +0 robe.
8993 ||| SWAPPING to +5 war axe.
Your +2 war axe of flaming stops flaming.
b - a +5 war axe (weapon)
You open the door.
There is an open door here.
You see here a +0 leather armour.
You open the door.
There is an open door here.
Gastronok the Ponderous comes into view.
He is wearing a +0 hat of stealth.
Gastronok gurgles horribly!
You hear a screech!
Enter note:
9013 ||| Stepping ~*~*~tactically~*~*~ (hiding).
9014 ||| Stepping ~*~*~tactically~*~*~ (hiding).
You start waiting.
Gastronok is nearby!
9022 ||| INVOKING Heroism.
You gain the combat prowess of a mighty hero.
Gastronok bites you!!
You slice Gastronok!!
Gastronok is lightly wounded.
You hit Gastronok but do no damage.
Gastronok is lightly wounded.
Gastronok barely misses you.
You slash Gastronok!
Gastronok is lightly wounded.
You slash Gastronok!
Gastronok is moderately wounded.
You slash Gastronok!
Gastronok is moderately wounded.
Gastronok bites you!
You slice Gastronok!!
Gastronok is heavily wounded.
You slice Gastronok!!
Gastronok is severely wounded.
Gastronok waves his eye-stalks in wide circles.
The air twists around and strikes you!!
You die...

.......'......#...#.....#...#
###+####......#...+.....#...#
#.......[....#...#.....#...#
#............##+##.....#...#
+......##'##..........##...#
#......#...#..........#....#
#......#...#..........#....#
########...#..........#....#
#####.@........#.##.#
#.....w#############.###
+......# #..... #......#
#..... #......# #.....
#......# ####### ######..
....... #. ....... .......


You could see Gastronok.

Vanquished Creatures
  A two-headed ogre (D:8)
  A manticore (D:6)
  A steam dragon (D:7)
  A water moccasin (D:7)
  2 sky beasts (D:7)
  A black bear (D:7)
  An orc warrior (D:6)
  An ice beast (D:6)
  5 ogres
  A centaur (D:6)
  A phantom (D:5)
  4 bullfrogs
  2 necrophages
  3 scorpions (D:5)
  5 wights (D:8)
  A howler monkey (D:6)
  2 jellies
  3 orc priests
  4 hounds
  Jessica (D:3)
  3 gnoll boudas
  3 iguanas
  3 orc wizards
  19 gnolls
  10 adders
  An ufetubus (D:5)
  2 worms
  5 dart slugs
  24 orcs
  8 bats
  10 endoplasms
  3 giant cockroaches
  4 goblins
  7 hobgoblins
  10 jackals
  9 ball pythons
  3 frilled lizards
  7 kobolds
  9 rats
181 creatures vanquished.

Notes
Turn   | Place    | Note
-------+----------+-------------------------------------------
     0 | D:1      | qw the Gargoyle Fighter began the quest for the Orb.
     0 | D:1      | Reached XP level 1. HP: 14/14 MP: 1/1
     0 | D:1      | 0 ||| qw: Version: 0.2-a-10-g37ed214
     0 | D:1      | 0 ||| qw: Game counter: 718
     0 | D:1      | 0 ||| qw: Always use a shield: true
     0 | D:1      | 0 ||| qw: God list: Okawaru
     0 | D:1      | 0 ||| qw: Allow faded altars: false
     0 | D:1      | 0 ||| qw: Do Orc after D:15 true
     0 | D:1      | 0 ||| qw: Do second Lair branch before Depths: true
     0 | D:1      | 0 ||| qw: Lair rune preference: random
     0 | D:1      | 0 ||| qw: Plans: Normal, Zot:1-4, God:TSO, Crypt, Tomb,
                  | Pan, Slime:5, Hells, Abyss, Orb
     0 | D:1      | 0 ||| PLANNING D:1-11
    22 | D:1      | 22 ||| Stepping ~*~*~tactically~*~*~ (stealth).
    32 | D:1      | 32 ||| Stepping ~*~*~tactically~*~*~ (stealth).
   109 | D:1      | Reached skill level 2 in Axes
   440 | D:1      | Reached XP level 2. HP: 19/19 MP: 2/2
   869 | D:1      | 869 ||| Stepping ~*~*~tactically~*~*~ (hiding).
   875 | D:1      | Reached skill level 3 in Axes
  1090 | D:1      | Reached XP level 3. HP: 23/23 MP: 3/3
  1266 | D:1      | 1266 ||| UPGRADING to +0 pair of gloves.
  1271 | D:1      | 1271 ||| UPGRADING to ring of positive energy.
  1272 | D:1      | 1272 ||| READING scroll labelled HOLUIPH ERESO.
  1273 | D:1      | 1273 ||| READING scroll labelled LEGHAEL FOIWO.
  1274 | D:1      | 1274 ||| DRINKING 3 sedimented ruby potions.
  1275 | D:1      | 1275 ||| DRINKING 2 brown potions.
  1276 | D:1      | 1276 ||| DROPPING 2 potions of flight.
  1296 | D:2      | Found a runed translucent door.
  1297 | D:2      | Noticed Crazy Yiuf
  1639 | D:2      | Reached XP level 4. HP: 26/28 MP: 4/4
  1710 | D:2      | 1710 ||| Stepping ~*~*~tactically~*~*~ (stealth).
  1899 | D:2      | 1899 ||| Stepping ~*~*~tactically~*~*~ (stealth).
  1912 | D:2      | Reached skill level 4 in Axes
  2054 | D:2      | Found a faded altar of an unknown god.
  2110 | D:2      | Identified the +0 sling "Sipeura" {speed, Int+4 Dex+2}
  2288 | D:2      | 2288 ||| READING 2 scrolls labelled KONLEB OWOME.
  2289 | D:2      | 2289 ||| READING scroll labelled SIFUPH XEIGE.
  2290 | D:2      | 2290 ||| READING scroll labelled LOESIZ YCSIFA.
  2291 | D:2      | 2291 ||| READING scroll labelled DEREARPHUTH.
  2340 | D:2      | 2340 ||| READING scroll labelled HOCWOA FEARHA.
  2341 | D:2      | 2341 ||| DRINKING 2 bubbling blue potions.
  2342 | D:2      | 2342 ||| DROPPING scroll of butterflies.
  2362 | D:3      | Noticed Jessica
  2375 | D:3      | Killed Jessica
  2376 | D:3      | Reached XP level 5. HP: 22/32 MP: 5/5
  2443 | D:3      | 2443 ||| FLEEEEING.
  2444 | D:3      | 2444 ||| STAIRDANCE
  2509 | D:3      | 2509 ||| STAIRDANCE
  2572 | D:3      | Found an opulent altar of Gozag.
  2705 | D:3      | 2705 ||| Stepping ~*~*~tactically~*~*~ (stealth).
  2707 | D:3      | 2707 ||| Stepping ~*~*~tactically~*~*~ (stealth).
  2708 | D:3      | 2708 ||| Stepping ~*~*~tactically~*~*~ (stealth).
  2728 | D:3      | Noticed a +0 hand axe
  2728 | D:3      | Noticed a +0 dagger
  2731 | D:3      | Found a hide-covered altar of Uskayaw.
  2813 | D:3      | 2813 ||| Stepping ~*~*~tactically~*~*~ (stealth).
  2853 | D:3      | Reached skill level 5 in Axes
  2898 | D:3      | 2898 ||| Stepping ~*~*~tactically~*~*~ (hiding).
  3016 | D:3      | Found a sparkling altar of Nemelex Xobeh.
  3257 | D:3      | 3257 ||| UPGRADING to +0 chain mail.
  3267 | D:3      | 3267 ||| DROPPING +0 scale mail.
  3268 | D:3      | 3268 ||| READING scroll labelled XOTE SEZIARAST.
  3269 | D:3      | 3269 ||| READING scroll labelled COISEE GUOMN.
  3270 | D:3      | 3270 ||| DRINKING 2 murky purple potions.
  3271 | D:3      | 3271 ||| DROPPING potion of degeneration.
  3280 | D:4      | 3280 ||| STAIRDANCE
  3288 | D:4      | 3288 ||| STAIRDANCE
  3298 | D:4      | 3298 ||| STAIRDANCE
  3345 | D:4      | 3345 ||| STAIRDANCE
  3386 | D:4      | 3386 ||| STAIRDANCE
  3452 | D:4      | 3452 ||| Stepping ~*~*~tactically~*~*~ (hiding).
  3655 | D:4      | Reached XP level 6. HP: 28/38 MP: 6/6
  3948 | D:4      | Found Aniar's Distillery.
  3962 | D:4      | 3962 ||| BUYING potion of attraction (30 gold).
  3962 | D:4      | Bought a potion of attraction for 30 gold pieces
  3962 | D:4      | 3962 ||| BUYING potion of curing (30 gold).
  3962 | D:4      | Bought a potion of curing for 30 gold pieces
  3962 | D:4      | 3962 ||| SHOPLISTING potion of haste (100 gold, have 85).
  3962 | D:4      | 3962 ||| BUYING potion of heal wounds (50 gold).
  3962 | D:4      | Bought a potion of heal wounds for 50 gold pieces
  3962 | D:4      | 3962 ||| SHOPLISTING potion of might (40 gold, have 35).
  4155 | D:4      | Found a staircase to the Ecumenical Temple.
  4156 | D:4      | 4156 ||| PLANNING TEMPLE
  4156 | D:4      | 4156 ||| READING scroll labelled OHARYS YGOMOONT.
  4165 | Temple   | Entered the Ecumenical Temple
  4171 | Temple   | 4171 ||| PLANNING OKAWARU WORSHIP
  4206 | Temple   | Became a worshipper of Warmaster Okawaru
  4207 | Temple   | 4207 ||| PLANNING D:1-11
  4301 | D:4      | Found a shimmering blue altar of Sif Muna.
  4456 | D:4      | 4456 ||| Stepping randomly (stuck).
  4484 | D:5      | Entered Level 5 of the Dungeon
  4487 | D:5      | Found Othrerar's Assorted Antiques.
  4559 | D:5      | 4559 ||| SHOPLISTING potion of curing (69 gold, have 47).
  4559 | D:5      | 4559 ||| BUYING scroll of identify (46 gold).
  4559 | D:5      | Bought a scroll of identify for 46 gold pieces
  4667 | D:5      | Reached skill level 6 in Axes
  4939 | D:5      | Reached skill level 1 in Throwing
  4939 | D:5      | Reached XP level 7. HP: 19/43 MP: 7/7
  5115 | D:5      | 5115 ||| READING scroll of enchant weapon.
  5115 | D:5      | 5115 ||| ENCHANTING +1 war axe.
  5406 | D:5      | 5406 ||| DROPPING orb of wrath.
  5407 | D:5      | 5407 ||| READING scroll labelled GES PYNWEM.
  5408 | D:5      | 5408 ||| DROPPING +0 whip.
  5409 | D:5      | 5409 ||| READING 4 scrolls of identify.
  5409 | D:5      | 5409 ||| IDENTIFYING metallic coppery potion
  5410 | D:5      | 5410 ||| READING 3 scrolls of identify.
  5410 | D:5      | 5410 ||| IDENTIFYING viscous sapphire potion
  5411 | D:5      | 5411 ||| READING 2 scrolls of identify.
  5411 | D:5      | 5411 ||| IDENTIFYING metallic silvery potion
  5412 | D:5      | 5412 ||| DROPPING potion of brilliance.
  5413 | D:5      | 5413 ||| DROPPING potion of berserk rage.
  5414 | D:5      | 5414 ||| Stepping randomly (stuck).
  5415 | D:5      | 5415 ||| Stepping randomly (stuck).
  5417 | D:5      | 5417 ||| Stepping randomly (stuck).
  5418 | D:5      | 5418 ||| Stepping randomly (stuck).
  5419 | D:5      | 5419 ||| Stepping randomly (stuck).
  5420 | D:5      | 5420 ||| Stepping randomly (stuck).
  5421 | D:5      | 5421 ||| Stepping randomly (stuck).
  5422 | D:5      | 5422 ||| Stepping randomly (stuck).
  5423 | D:5      | 5423 ||| Stepping randomly (stuck).
  5425 | D:5      | 5425 ||| Stepping randomly (stuck).
  5427 | D:5      | 5427 ||| Stepping randomly (stuck).
  5428 | D:5      | 5428 ||| Stepping randomly (stuck).
  5437 | D:5      | Reached * piety under Okawaru
  5538 | D:5      | 5538 ||| INVOKING Heroism.
  5544 | D:5      | Reached skill level 7 in Axes
  5544 | D:5      | Reached skill level 1 in Invocations
  5701 | D:6      | 5701 ||| INVOKING Heroism.
  5708 | D:6      | Reached skill level 1 in Dodging
  5729 | D:6      | 5729 ||| INVOKING Heroism.
  5736 | D:6      | Reached skill level 3 in Invocations
  5736 | D:6      | Reached XP level 8. HP: 19/48 MP: 6/10
  5746 | D:6      | HP: 11/48 [gnoll/+2 halberd of venom[a gnoll bouda] (5)]
  5747 | D:6      | 5747 ||| READING scroll of teleportation.
  5748 | D:6      | 5748 ||| DRINKING 2 potions of heal wounds.
  5749 | D:6      | 5749 ||| INVOKING Heroism.
  5751 | D:6      | HP: 2/48 [gnoll/+2 halberd of venom[a gnoll bouda] (12)]
  5752 | D:6      | 5752 ||| DRINKING potion of heal wounds.
  5753 | D:6      | 5753 ||| FLEEEEING.
  5754 | D:6      | 5754 ||| Stepping ~*~*~tactically~*~*~ (hiding).
  5758 | D:6      | HP: 11/48 [gnoll/+2 halberd of venom[a gnoll bouda] (8)]
  5761 | D:6      | HP: 5/48 [gnoll/+2 halberd of venom[a gnoll bouda] (5)]
  5791 | D:6      | 5791 ||| FLEEEEING.
  5792 | D:6      | 5792 ||| FLEEEEING.
  5793 | D:6      | 5793 ||| FLEEEEING.
  5794 | D:6      | 5794 ||| FLEEEEING.
  5795 | D:6      | 5795 ||| FLEEEEING.
  5796 | D:6      | 5796 ||| FLEEEEING.
  5797 | D:6      | 5797 ||| FLEEEEING.
  5798 | D:6      | 5798 ||| STAIRDANCE
  6121 | D:6      | 6121 ||| INVOKING Heroism.
  6126 | D:6      | Reached ** piety under Okawaru
  6278 | D:6      | 6278 ||| Stepping ~*~*~tactically~*~*~ (stealth).
  6279 | D:6      | 6279 ||| Stepping ~*~*~tactically~*~*~ (stealth).
  6291 | D:6      | 6291 ||| Stepping ~*~*~tactically~*~*~ (hiding).
  6292 | D:6      | 6292 ||| Stepping ~*~*~tactically~*~*~ (hiding).
  6297 | D:6      | 6297 ||| INVOKING Heroism.
  6472 | D:6      | 6472 ||| INVOKING Heroism.
  6488 | D:6      | 6488 ||| Stepping ~*~*~tactically~*~*~ (stealth).
  6490 | D:6      | 6490 ||| Stepping ~*~*~tactically~*~*~ (stealth).
  6498 | D:6      | 6498 ||| Stepping ~*~*~tactically~*~*~ (stealth).
  6515 | D:6      | 6515 ||| Stepping ~*~*~tactically~*~*~ (stealth).
  6518 | D:6      | 6518 ||| Stepping ~*~*~tactically~*~*~ (stealth).
  6522 | D:6      | 6522 ||| INVOKING Heroism.
  6532 | D:6      | Reached skill level 8 in Axes
  6874 | D:6      | 6874 ||| Stepping ~*~*~tactically~*~*~ (hiding).
  6882 | D:6      | 6882 ||| INVOKING Heroism.
  6895 | D:6      | Reached skill level 6 in Fighting
  6895 | D:6      | Reached XP level 9. HP: 33/56 MP: 10/12
  7024 | D:6      | 7024 ||| INVOKING Heroism.
  7026 | D:6      | 7026 ||| Stepping ~*~*~tactically~*~*~ (stealth).
  7061 | D:6      | Noticed a manticore
  7062 | D:6      | 7062 ||| Stepping ~*~*~tactically~*~*~ (stealth).
  7064 | D:6      | 7064 ||| INVOKING Heroism.
  7075 | D:6      | Killed a manticore
  7444 | D:6      | 7444 ||| READING scroll labelled NINLISYUDO.
  7445 | D:6      | 7445 ||| DRINKING 2 fizzy black potions.
  7524 | D:7      | 7524 ||| INVOKING Heroism.
  7525 | D:7      | 7525 ||| Stepping ~*~*~tactically~*~*~ (cloud).
  7530 | D:7      | Reached skill level 9 in Axes
  7531 | D:7      | 7531 ||| Stepping ~*~*~tactically~*~*~ (cloud).
  7740 | D:7      | 7740 ||| INVOKING Heroism.
  7741 | D:7      | 7741 ||| Stepping ~*~*~tactically~*~*~ (stealth).
  7743 | D:7      | 7743 ||| Stepping ~*~*~tactically~*~*~ (stealth).
  7762 | D:7      | Reached *** piety under Okawaru
  7971 | D:7      | Identified the +12 rapier "Kesue" {vamp, *Slow rElec rF+++
                  | Dex+3}
  8197 | D:7      | 8197 ||| Stepping ~*~*~tactically~*~*~ (hiding).
  8199 | D:7      | 8199 ||| INVOKING Heroism.
  8405 | D:7      | Found a radiant altar of Vehumet.
  8623 | D:8      | 8623 ||| Stepping ~*~*~tactically~*~*~ (hiding).
  8625 | D:8      | 8625 ||| Stepping ~*~*~tactically~*~*~ (hiding).
  8628 | D:8      | 8628 ||| Stepping ~*~*~tactically~*~*~ (hiding).
  8629 | D:8      | 8629 ||| Stepping ~*~*~tactically~*~*~ (hiding).
  8644 | D:8      | 8644 ||| INVOKING Heroism.
  8694 | D:8      | Reached skill level 10 in Axes
  8706 | D:8      | Found a shimmering altar of Xom.
  8708 | D:8      | Found a shimmering altar of Xom.
  8708 | D:8      | Found a shimmering altar of Xom.
  8708 | D:8      | Found a shimmering altar of Xom.
  8708 | D:8      | Found a shimmering altar of Xom.
  8709 | D:8      | Found a shimmering altar of Xom.
  8710 | D:8      | Found a shimmering altar of Xom.
  8731 | D:8      | Noticed a two-headed ogre
  8732 | D:8      | 8732 ||| INVOKING Heroism.
  8737 | D:8      | Killed a two-headed ogre
  8737 | D:8      | Reached **** piety under Okawaru
  8738 | D:8      | Reached skill level 6 in Armour
  8738 | D:8      | Reached XP level 10. HP: 63/63 MP: 10/13
  8885 | D:8      | Received a gift from Okawaru
  8896 | D:8      | 8896 ||| INVOKING Heroism.
  8993 | D:8      | 8993 ||| SWAPPING to +5 war axe.
  9012 | D:8      | Noticed Gastronok
  9013 | D:8      | 9013 ||| Stepping ~*~*~tactically~*~*~ (hiding).
  9014 | D:8      | 9014 ||| Stepping ~*~*~tactically~*~*~ (hiding).
  9022 | D:8      | 9022 ||| INVOKING Heroism.
  9030 | D:8      | Killed from afar by Gastronok

Levels and vault maps discovered:
D:1:      tarquinn_simple_flora_water_e, layout_basic
D:2:      layout_loops_ring, shapermc_ecumenical_altar_hornbeckon,
          minmay_distorted, uniq_crazy_yiuf_cottage
D:3:      layout_rooms, nicolae_overflow_crystal_walls, dancing_weapons_uskayaw,
          mainiacjoe_overflow_paths, uniq_jessica
D:4:      layout_rooms, lemuel_blue_sif_altar, lemuel_temple_firewalk_b,
          serial_shops, nicolae_stop_n_shop_1
D:5:      layout_rooms, serial_co_window_serial, co_window_of_opportunity_a,
          co_window_corner_a, co_window_paths_a, co_window_of_opportunity_a,
          co_window_paths_b, co_window_paths_b, co_window_corner_ca,
          co_window_corner_b, co_window_2corner, co_window_2corner,
          co_window_2corner, co_window_corner_ca, serial_shops,
          nicolae_shop_statue_plus, corexii_hall_statues_x
D:6:      layout_loops_corners, minmay_three_doors
D:7:      layout_basic, general_overflow_altar
D:8:      layout_gridville, xom_redecorated, uniq_gastronok, uniq_amaemon
Temple:   nicolae_temple_ecumenical_triangle

Skill      XL: |  1  2  3  4  5  6  7  8  9 |
---------------+----------------------------+-----
Axes           | 2 3 4 5 6 7 8 10 | 10.0
Fighting       | 4 6 7 |  7.3
Throwing       | 1 2 |  2.4
Invocations    | 3 4 |  4.5
Dodging        | 1 |  1.1
Armour         | 6 |  6.3
Shields        | 4 |  4.0

Action                   |  1- 3 |  4- 6 |  7- 9 | 10-12 || total
-------------------------+-------+-------+-------+-------++-------
Melee: War axe           |    99 |   240 |   189 |    26 ||   554
Throw: Boomerang         |       |     3 |    46 |     6 ||    55
Invok: Heroism           |       |       |    16 |     2 ||    18
  Use: Scroll            |     2 |     8 |     7 |       ||    17
       Potion            |     2 |     2 |     3 |       ||     7
Armor: Scale mail        |    34 |    55 |       |       ||    89
       Chain mail        |       |    95 |    96 |     6 ||   197
Dodge: Dodged            |    51 |   107 |    77 |     2 ||   237
Block: Buckler           |    16 |    46 |    44 |     6 ||   112

Table legend:
 A = Non-vault XP
 B = Vault XP
 C = Vault XP percentage of total XP
 D = Non-vault monster count
 E = Vault monster count
 F = Vault count percentage of total count
                 A         B        C        D         E       F
            +---------+---------+-------+---------+---------+-------
      Total |    5086 |     659 |  11.5 |     175 |       6 |   3.3
            +---------+---------+-------+---------+---------+-------
        D:1 |      40 |       0 |   0.0 |      23 |       0 |   0.0
        D:2 |      59 |      14 |  19.2 |      22 |       2 |   8.3
        D:3 |     125 |      37 |  22.8 |      36 |       1 |   2.7
        D:4 |     131 |       0 |   0.0 |      13 |       0 |   0.0
        D:5 |     666 |       0 |   0.0 |      10 |       0 |   0.0
        D:6 |    1414 |     608 |  30.1 |      34 |       3 |   8.1
        D:7 |    1229 |       0 |   0.0 |      24 |       0 |   0.0
        D:8 |    1422 |       0 |   0.0 |      13 |       0 |   0.0
            +---------+---------+-------+---------+---------+-------
